 Dungeon Crawl Stone Soup version 0.31.0-12-g77e489cdc1 (webtiles) character file.

Game seed: 9913771085564898685

1775 cdecastro the Mimic (level 8, -2/65 HPs)
             Began as a Green Draconian Shapeshifter on Feb 28, 2024.
             Was a Follower of Hepliaklqana.
             Constricted to death by a juvenile batweird beast (3 damage)
             ... on level 7 of the Dungeon.
             The game lasted 00:10:24 (6420 turns).

cdecastro the Mimic (Green Draconian Shapeshifter)  Turns: 6420, Time: 00:10:25

Health: -2/65      AC:  6    Str: 18    XL:     8   Next: 80%
Magic:  0/8        EV:  9    Int: 10    God:    Hepliaklqana [*.....]
Gold:   371        SH:  0    Dex: 12    Spells: 7/7 levels left

rFire   . . .        w - +2 hand axe (venom)
rCold   . . .        (no shield)
rNeg    . . .        (body armour unavailable)
rPois   +            (helmet currently unavailable)
rElec   .            (cloak currently unavailable)
rCorr   .            (gloves currently unavailable)
SInv    .            (boots currently unavailable)
Will    .....        k - amulet of guardian spirit
Stlth   +            (no ring)
HPRegen 0.30/turn    (no ring)
MPRegen 0.11/turn

%: guardian spirit
@: confused, beast-form, ambrosia-drunk, constricted
A: beast (slay +4), reduced essence, breathe noxious fumes, AC +6, unfitting
armour, poison resistance, cold-blooded
a: Breathe Noxious Fumes, Begin Untransformation, Renounce Religion, Recall
Ancestor, Ancestor Identity


You were on level 7 of the Dungeon.
You worshipped Hepliaklqana.
Hepliaklqana was aware of your devotion.
You were a hulking beast.
You visited 1 branch of the dungeon, and saw 7 of its levels.

You collected 371 gold pieces.

Inventory:

Hand Weapons
 w - a +2 hand axe of venom (weapon)
 D - a +0 great sword
 E - a +0 long sword
Armour
 e - a +1 pair of gloves
 B - a +0 pair of gloves
Jewellery
 k - an amulet of guardian spirit (around neck)
 s - a ring of wizardry
 z - a ring of resist corrosion
Talismans
 b - a beast talisman
 c - a flux talisman
 h - a granite talisman
Scrolls
 a - a scroll of enchant armour {unknown}
 i - 5 scrolls of teleportation {unknown}
 j - a scroll of acquirement {unknown}
 l - 4 scrolls of vulnerability {unknown}
 m - 4 scrolls of noise
 q - 2 scrolls of fear {unknown}
 r - a scroll of silence {unknown}
 u - a scroll of fog {unknown}
 y - a scroll of immolation {unknown}
 A - a scroll of revelation {unknown}
Potions
 d - a potion of might {unknown}
 f - 2 potions of magic
 g - 4 potions of curing
 n - 2 potions of ambrosia
 o - a potion of degeneration {unknown}
 p - 2 potions of haste
 t - a potion of berserk rage {unknown}
 v - 2 potions of brilliance {unknown}
 x - a potion of resistance {unknown}
 C - 2 potions of heal wounds {unknown}


   Skills:
 + Level 7.2 Fighting
 - Level 1.7 Dodging
 - Level 3.0 Unarmed Combat
 * Level 9.1 Shapeshifting


You had 7 spell levels left.
You didn't know any spells.
Your spell library contained the following spells:

 Spells                   Type           Power      Damage    Failure   Level
 Summon Small Mammal      Summ           0%         N/A       36%         1
 Call Canine Familiar     Summ           0%         N/A       75%         3
 Fulminant Prism          Conj/Alch      0%         3d5       98%         4
 Summon Blazeheart Golem  Fire/Summ      0%         N/A       98%         4
 Summon Lightning Spire   Summ/Air       0%         N/A       98%         4
 Fireball                 Conj/Fire      0%         3d3       100%        5
 Lee's Rapid Deconstruct  Erth           0%         3d4*      100%        5
 Conjure Ball Lightning   Conj/Air       0%         3x3d6     100%        6
 Animate Armour           Summ/Erth      Unusable   N/A       N/A         4

Dungeon Overview and Level Annotations

Branches:
Dungeon (7/15)
 Temple: D:4-7

Altars:
Fedhas
Gozag
Hepliaklqana
Nemelex Xobeh
Qazlal
Uskayaw
Wu Jian
The Shining One

Shops:
D:1 (


Innate Abilities, Weirdness & Mutations

You are a hulking beast.
Your limbs bulge with bestial killing power. (Slay +4)
Your life essence is reduced to manifest your ancestor. (-10% HP)
You can breathe blasts of noxious fumes.
Your lurid green scales are hard. (AC +6)
You cannot fit into any form of body armour.
Your system is resistant to poisons. (rPois)
You are cold-blooded and may be slowed by cold attacks.


Message History

* * * LOW HITPOINT WARNING * * *
The juvenile batweird beast hits you but does no damage.
The juvenile batweird beast constricts you.
* * * LOW HITPOINT WARNING * * *
Unknown command.
Unknown command.
You escape the juvenile batweird beast's grasp.
The juvenile batweird beast hits you.
* * * LOW HITPOINT WARNING * * *
The juvenile batweird beast grabs you.
You stop ascending the stairs.
The juvenile batweird beast constricts you.
* * * LOW HITPOINT WARNING * * *
The larval oxshock beast hits you.
* * * LOW HITPOINT WARNING * * *
The larval oxshock beast completely misses you.
Unknown command.
Unknown command.
Unknown command.
Okay, then.
Unknown command.
Okay, then.
Unknown command.
You are confused.
You feel invigorated. The juvenile batweird beast hits you.
* * * LOW HITPOINT WARNING * * *
The juvenile batweird beast constricts you.
* * * LOW HITPOINT WARNING * * *
The larval oxshock beast barely misses you.
The larval oxshock beast tramples you.
* * * LOW HITPOINT WARNING * * *
You are held in place!
The juvenile batweird beast hits you!
* * * LOW HITPOINT WARNING * * *
The juvenile batweird beast constricts you.
* * * LOW HITPOINT WARNING * * *
Unknown command.
Unknown command.
You bump into the rock wall.
The juvenile batweird beast hits you!
* * * LOW HITPOINT WARNING * * *
The juvenile batweird beast constricts you.
You die...

... #.# .#.. #.#
ยง... #.#######
#..######.......#
#....{....####.#
#.#######.# # #H#
#H# #h# #H# #.#
#.# ... .## . #.


You could see 3 mutant beasts.

Vanquished Creatures
  2 water moccasins
  A sky beast (D:7)
  3 ogres
  A centaur (D:5)
  A bullfrog (D:5)
  2 scorpions (D:5)
  3 hounds
  3 jellies
  5 orc priests
  2 bombardier beetles (D:5)
  4 iguanas
  2 orc wizards
  A mutant beast (D:7)
  7 gnolls
  6 adders
  4 ufetubi
  2 dart slugs
  3 ribbon worms
  12 orcs
  8 ball pythons
  8 endoplasms
  5 giant cockroaches
  7 goblins
  6 hobgoblins
  2 jackals (D:4)
  5 kobolds
  4 quokkas
  3 bats
  5 frilled lizards
  3 rats
120 creatures vanquished.

Vanquished Creatures (collateral kills)
  A bullfrog (D:6)
  A scorpion (D:6)
  An orc priest (D:6)
  A gnoll (D:5)
  An orc (D:6)
5 creatures vanquished.

Vanquished Creatures (others)
  An ancestor (D:7)
1 creature vanquished.

Grand Total: 126 creatures vanquished

Notes
Turn   | Place    | Note
-------+----------+-------------------------------------------
     0 | D:1      | cdecastro the Draconian Shapeshifter began the quest for
                  | the Orb.
     0 | D:1      | Reached XP level 1. HP: 16/16 MP: 1/1
    28 | D:1      | Found Imaomp's Antique Weapon Emporium.
   116 | D:1      | Reached XP level 2. HP: 19/23 MP: 2/2
   953 | D:2      | Noticed an ogre
  1046 | D:2      | Reached XP level 3. HP: 25/29 MP: 3/3
  1323 | D:2      | Reached skill level 4 in Shapeshifting
  1657 | D:2      | Killed an ogre
  1658 | D:2      | Reached XP level 4. HP: 6/38 MP: 4/4
  1658 | D:2      | Reached XP level 5. HP: 7/45 MP: 5/5
  2057 | D:3      | Found a hazy altar of Hepliaklqana.
  2071 | D:3      | Reached skill level 5 in Shapeshifting
  2088 | D:3      | Became a worshipper of Hepliaklqana the Forgotten
  2110 | D:3      | Found a hide-covered altar of Uskayaw.
  2111 | D:3      | Found a blossoming altar of Fedhas.
  2467 | D:3      | Found a glowing golden altar of the Shining One.
  2467 | D:3      | Found a stormy altar of Qazlal.
  2983 | D:4      | Reached XP level 6. HP: 31/52 MP: 6/6
  3512 | D:5      | Entered Level 5 of the Dungeon
  3762 | D:5      | Reached skill level 6 in Shapeshifting
  4063 | D:5      | Noticed a water moccasin
  4069 | D:5      | Killed a water moccasin
  4070 | D:5      | Your scales start taking on a lurid green colour.
  4070 | D:5      | Reached XP level 7. HP: 40/60 MP: 7/7
  4070 | D:5      | Gained mutation: Your system is resistant to poisons.
                  | (rPois) [Green Draconian growth]
  4085 | D:5      | Reached skill level 5 in Fighting
  4388 | D:5      | Reached skill level 7 in Shapeshifting
  4575 | D:5      | Found a sparkling altar of Nemelex Xobeh.
  4928 | D:5      | Reached XP level 8. HP: 36/70 MP: 8/8
  5228 | D:6      | Reached * piety under Hepliaklqana
  5392 | D:6      | Reached skill level 8 in Shapeshifting
  5470 | D:6      | Got the Writings on the Charged Fifth Circle
  6062 | D:6      | Found an opulent altar of Gozag.
  6118 | D:6      | Found an ornate altar of the Wu Jian Council.
  6267 | D:7      | Reached skill level 9 in Shapeshifting
  6405 | D:7      | Noticed a juvenile batweird beast
  6419 | D:7      | HP: 3/65 [constriction (2)]
  6420 | D:7      | HP: 1/65 [juvenile batweird beast (5)]
  6420 | D:7      | Constricted to death by a juvenile batweird beast

Illustrated notes

Levels and vault maps discovered:
D:1:      tarquinn_simple_flora_water_a, layout_basic, serial_shops, shop
D:2:      layout_loops_ring
D:3:      layout_loops_ring, chequers_temple_overflow_statue_of_worship,
          lemuel_doored_altar, mainiacjoe_overflow_divided_tiny
D:4:      layout_rooms
D:5:      layout_basic, nemelex_diamond_rough_becter, chequers_mini_garden
D:6:      layout_cave_pools, nzn_wu_jian_council_hall, kennysheep_mini
D:7:      layout_loops_ring, elyvilon_altar_4, lightli_temple_of_fire,
          minmay_temple_entry_fiery, nicolae_beast_mode, uniq_maggie

Skill      XL: |  1  2  3  4  5  6  7  8 |
---------------+-------------------------+-----
Fighting       | 2 3 4 5 7 |  7.2
Shapeshifting  | 4 5 6 7 9 |  9.1
Dodging        | |  1.7
Unarmed Combat | |  3.0

Action                     |  1- 3 |  4- 6 |  7- 9 || total
---------------------------+-------+-------+-------++-------
  Melee: Unarmed           |   111 |    96 |       ||   207
         Tailslap          |    11 |    22 |    13 ||    46
         Punch             |       |     4 |       ||     4
         Hand axe          |       |    26 |   106 ||   132
 Invoke: Recall Ancestor   |       |       |     1 ||     1
    Use: Potion            |     1 |       |     1 ||     2
         Scroll            |       |     2 |     3 ||     5
   Stab: Sleeping          |     1 |     2 |     1 ||     4
 Armour: Skin              |    61 |    58 |   126 ||   245
  Dodge: Dodged            |    58 |    90 |   112 ||   260
